 Dungeon Crawl Stone Soup version 0.31-a0-234-gad7ace16ef (webtiles) character file.

Game seed: 9003949343052446674

291974 qw the Slayer (level 20, -11/204 HPs)
             Began as a Minotaur Hexslinger on July 9, 2023.
             Was a High Priest of Okawaru.
             Mangled by a merfolk
             ... wielding a +0 glaive
             ... led by a merfolk impaler
              (72 damage)
             ... on level 4 of the Shoals.
             The game lasted 00:17:02 (34192 turns).

qw the Slayer (Minotaur Hexslinger)                Turns: 34192, Time: 00:17:02

Health: -11/204    AC: 28    Str:  9    XL:     20   Next: 32%
Magic:  26/26      EV:  2    Int: 14    God:    Okawaru [*****.]
Gold:   1357       SH:  0    Dex: 37    Spells: 20/21 levels left

rFire   . . .        q - +5 triple crossbow (heavy)
rCold   + + +        (shield currently unavailable)
rNeg    . . .        C - +4 ring mail {rPois}
rPois   +            x - +2 hat
rElec   .            g - +5 cloak "Ciek" {Str-4 Int+4 SInv}
rCorr   .            h - +2 pair of gloves
SInv    +            o - +0 pair of boots of Zemurot {Drain rC+++ Dex+3}
Will    +....        v - amulet of faith
Stlth   ++++         w - +6 ring of dexterity
HPRegen 0.54/turn    t - +6 ring of dexterity
MPRegen 0.20/turn

%: faith
@: sleeping, heroic, mesmerised
A: horns 2, retaliatory headbutt
}: 1/15 runes: serpentine
a: Renounce Religion, Heroism, Finesse, Duel


You were on level 4 of the Shoals.
You worshipped Okawaru.
Okawaru was extremely pleased with you.
You visited 7 branches of the dungeon, and saw 35 of its levels.
You visited 1 bazaar.
You also visited: Sewer and Desolation.

You collected 5158 gold pieces.
You spent 3801 gold pieces at shops.


Innate Abilities, Weirdness & Mutations

You have a pair of horns on your head.
You reflexively headbutt those who attack you in melee.


   Skills:
 + Level 23.2(27) Fighting
 - Level 22.0(27) Ranged Weapons
 - Level 15.0(20.0) Armour
 - Level 21.0(26.0) Dodging
 - Level 1.0 Spellcasting
 - Level 2.0 Hexes
 - Level 10.0 Invocations


You had 20 spell levels left.
You knew the following spells:

 Your Spells              Type           Power      Damage    Failure   Level
a - Slow                  Hex            24%        N/A       21%         1

Your spell library contained the following spells:

 Spells                   Type           Power      Damage    Failure   Level
 Inner Flame              Hex/Fire       3%         N/A       67%         3
 Portal Projectile        Hex/Tloc       6%         N/A       67%         3
 Cause Fear               Hex            3%         N/A       90%         4

Inventory:

Hand Weapons
 q - a +5 heavy triple crossbow (weapon)
Armour
 g - the +5 cloak "Ciek" (worn) {Str-4 Int+4 SInv}
   (Okawaru gifted it to you on level 1 of the Shoals)

   Str:       It affects your strength (-4).
   Int:       It affects your intelligence (+4).
   SInv:      It lets you see invisible.
 h - a +2 pair of gloves (worn)
 o - the +0 pair of boots of Zemurot (worn) {Drain rC+++ Dex+3}
   (You bought it in a shop on level 7 of the Dungeon)

   Dex:       It affects your dexterity (+3).
   rC:        It renders you almost immune to cold.
   Drain:     It drains your maximum health when unequipped.
 s - the +1 pair of boots "Sazid" {rPois Str+5 Int-3}
   (Okawaru gifted it to you on level 3 of the Vaults)

   Str:       It affects your strength (+5).
   Int:       It affects your intelligence (-3).
   rPois:     It protects you from poison.
 u - the +6 leather armour of Pajutt {rF+ Str+2}
   (You found it on level 9 of the Dungeon)

   Str:       It affects your strength (+2).
   rF:        It protects you from fire.
 x - a +2 hat (worn)
 y - the +0 pair of gloves "Zeazyc" {rC+ rCorr Int+3}
   (You found it on level 4 of the Snake Pit)

   Int:       It affects your intelligence (+3).
   rC:        It protects you from cold.
   rCorr:     It protects you from acid and corrosion.
 C - a +4 ring mail of poison resistance (worn)
Jewellery
 k - the ring of Nosuxox {rPois rF- Int+6 Dex+4 Stlth+}
   (You found it in the Desolation of Salt)

   [ring of intelligence]

   Int:       It affects your intelligence (+6).
   Dex:       It affects your dexterity (+4).
   rF:        It makes you vulnerable to fire.
   rPois:     It protects you from poison.
   Stlth:     It makes you more stealthy.
 p - the ring "Fudujiko" {rF+ rN+ Int+4}
   (You acquired it on level 3 of the Shoals)

   [ring of positive energy]

   Int:       It affects your intelligence (+4).
   rF:        It protects you from fire.
   rN:        It protects you from negative energy.
 r - the ring "Bahi" {Wiz rPois rF- rN++ SInv}
   (You bought it in a shop on level 2 of the Orcish Mines)

   [ring of wizardry]

   It improves your spell success rate.
   rF:        It makes you vulnerable to fire.
   rPois:     It protects you from poison.
   rN:        It greatly protects you from negative energy.
   SInv:      It lets you see invisible.
 t - a +6 ring of dexterity (right hand)
 v - an amulet of faith (around neck)
 w - a +6 ring of dexterity (left hand)
 z - the amulet "Ucworas" {Acrobat rPois Regen+ Int+2}
   (You found it on level 2 of the Vaults)

   [amulet of the acrobat]

   It increases your evasion while moving and waiting.
   Int:       It affects your intelligence (+2).
   rPois:     It protects you from poison.
   Regen:     It increases your rate of health regeneration.
Wands
 b - a wand of digging (28)
Scrolls
 a - 13 scrolls of teleportation
 e - 22 scrolls of identify
 n - a scroll of enchant armour
Potions
 c - 3 potions of haste
 d - 3 potions of mutation
 f - 3 potions of enlightenment
 i - 2 potions of cancellation
 j - 10 potions of curing
 l - 2 potions of might
 m - 4 potions of heal wounds

Dungeon Overview and Level Annotations

Branches:
Dungeon (15/15)            Temple (1/1) D:6            Lair (5/5) D:10
 Shoals (4/4) Lair:2        Snake (4/4) Lair:3        Slime (0/5) Lair:5
    Orc (2/2) D:10            Elf (0/3) Orc:2        Vaults (4/5) D:14
  Crypt (0/3) Vaults:2     Depths (0/4) D:15          Sewer (visited)
Desolation (visited)

Altars:
Ashenzari
Cheibriados
Dithmenos
Elyvilon
Fedhas
Gozag
Hepliaklqana
Kikubaaqudgha
Makhleb
Nemelex Xobeh
Okawaru
Qazlal
Ru
Sif Muna
Trog
Uskayaw
Vehumet
Wu Jian
Xom
Yredelemnul
Zin
The Shining One
Jiyva

Shops:
D:6 :   D:7 :*[   D:11 (((*   D:15 (   Orc:1 *   Orc:2 *[==   Shoals:1 (
Shoals:3 ?   Vaults:4 ?


Message History

You feel sick.
The satyr shoots an arrow.
The arrow completely misses you.
The merfolk siren chants its luring song.
The snapping turtle completely misses you.
The merfolk impaler completely misses you.
The merfolk completely misses you.
34189 ||| DRINKING 5 potions of heal wounds.
You feel much better.
You feel sick.
You are no longer poisoned.
The merfolk impaler hits you but does no damage.
The satyr shoots an arrow.
The arrow misses you.
The merfolk siren chants its luring song.
The snapping turtle completely misses you.
The merfolk impaler completely misses you.
The merfolk completely misses you.
You shoot a bolt. The bolt misses the merfolk impaler.
Your surroundings seem slightly different.
The satyr shoots an arrow.
The arrow barely misses you.
The merfolk siren chants its luring song.
The merfolk impaler hits you but does no damage.
The merfolk siren chants its luring song.
You shoot a bolt. The bolt hits the merfolk impaler!!!!
You kill the merfolk impaler!
Okawaru accepts your kill.
Your fear fades away.
The merfolk completely misses you.
The merfolk siren chants its luring song.
The merfolk completely misses you.
The satyr shoots an arrow.
The arrow completely misses you.
The snapping turtle completely misses you.
You shoot a bolt. The bolt hits the snapping turtle!!!
The snapping turtle is almost dead.
The merfolk siren chants its luring song.
The merfolk completely misses you.
The snapping turtle completely misses you.
The merfolk siren chants its luring song.
The satyr plays a lulling melody on its pipes!
You fall asleep.
The merfolk hits you from afar with a +0 glaive!!!!
You die...

~~~~~~~~~~~P~~)~~~~###~~~
~~~~~~~~~~P)~~~~~~~~##~~~
~~~~~~PP~~~~)PP)P~~~~~~~
~~~~~~~~~~~)~~~~~~P~~~~~
~~~~P~~~~~~))~~~~~PP~~~~
~~~~~~~~~.~~P~~PP~~~~~~~
~~~~P~~~%mmc)~~~PP~~~~~~
~~~~~~~))t.%~)PP~~~P.~~~
~~~~~~.))..@.~.~~~~~P~~~
~~~~~.....[..~.~~~~~~~~
~#~)).......~~~P~~~~~~
#~~##.......~~~~~~~ ...
.........~~~~~~ ..
.PP......~~~~~~.
.P.P......~~~~~..
P.......~~~~...


You could see a satyr, a snapping turtle, a merfolk and a merfolk siren
(mesmerising).

Vanquished Creatures
  Bai Suzhen (Snake:3)
  Vashnia (Snake:2)
  Frederick (Vaults:4)
  Jorgrun (Shoals:1)
  Mlioglotl (Shoals:4)
  A quicksilver dragon (Vaults:3)
  A tengu reaver (Vaults:1)
  Kirke (Lair:3)
  7 nagarajas
  A shadow dragon (Vaults:4)
  Roxanne (D:15)
  A fire giant (Vaults:4)
  2 frost giants
  A deep elf sorcerer (Vaults:3)
  4 imperial myrmidons (Desolation)
  17 vault wardens
  2 angels (Vaults:2)
  3 orc warlords
  A very ugly thing (Vaults:1)
  14 ironbound preservers
  2 stone giants
  2 ironbound thunderhulks
  3 formless jellyfish
  A deep elf death mage (Vaults:2)
  An ettin (Vaults:2)
  Josephine (D:11)
  2 merfolk javelineers
  6 yaktaur captains
  2 crystal guardians (Desolation)
  4 merfolk impalers
  7 servants of whispers (Desolation)
  A deep elf high priest (Vaults:3)
  3 entropy weavers
  4 ragged hierophants (Desolation)
  Fannar (D:10)
  7 peacekeepers (Desolation)
  4 great orbs of eyes
  A rakshasa (D:14)
  A catoblepas (Lair:5)
  8 salamander tyrants
  4 hydras
  9 anacondas
  6 vault guards
  9 centaur warriors
  10 ironbound frosthearts
  2 ogre magi (D:15)
  3 boulder beetles
  13 two-headed ogres
  A satyr (Shoals:3)
  5 merfolk avatars
  2 alligator snapping turtles (Shoals:2)
  3 death yaks (Lair:3)
  14 naga warriors
  An orc high priest (Orc:2)
  3 shock serpents
  11 naga sharpshooters
  8 salamander mystics
  Lodul (D:12)
  3 skeletal warriors (D:14)
  4 skysharks
  29 deep trolls
  8 naga ritualists
  3 goliath frogs (Lair:5)
  A sea snake (shapeshifter) (D:14)
  A glowing orange brain (Vaults:3)
  5 sea snakes
  20 harpies
  13 ironbound convokers
  4 wizards
  5 lindwurms
  A necromancer (Vaults:2)
  A wolf spider (D:15)
  2 orc sorcerers (Orc:1)
  11 orc knights
  7 mana vipers
  4 deep elf pyromancers
  21 salamanders
  17 fauns
  3 oklob plants
  A faun (shapeshifter) (Vaults:3)
  15 ugly things
  8 cyclopes
  7 manticores
  41 black mambas
  4 elephants (Lair:5)
  A moth of wrath (shapeshifter) (D:15)
  4 molten gargoyles
  7 merfolk sirens
  A torpor snail (Lair:1)
  11 naga magi
  8 guardian serpents
  15 vault sentinels
  2 water nymphs
  2 gargoyles
  21 cane toads
  19 yaktaurs
  A rime drake (Lair:3)
  2 unseen horrors
  A kobold demonologist (D:10)
  An efreet (D:13)
  A freezing wraith (Vaults:3)
  A spectral unseen horror (D:9)
  6 komodo dragons
  A tengu conjurer (D:14)
  An unseen horror skeleton (D:9)
  Psyche (D:12)
  5 trolls
  25 merfolk
  A troll (shapeshifter) (Vaults:1)
  2 wind drakes
  2 polar bears
  3 meliai (D:15)
  41 saltlings (Desolation)
  A tyrant leech (Lair:5)
  A hornet (D:8)
  16 blink frogs
  7 dream sheep
  3 snapping turtles
  31 slime creatures
  5 humans (Lair:3)
  A vampire (D:14)
  7 wraiths
  4 wyverns
  2 water elementals (Shoals:4)
  41 yaks
  A hog (Lair:3)
  A basilisk (shapeshifter) (D:14)
  3 redbacks
  3 basilisks
  A redback (shapeshifter) (Vaults:4)
  A steam dragon (D:10)
  A human simulacrum (Vaults:2)
  17 vampire mosquitoes
  3 wargs (Orc:1)
  A glowing shapeshifter zombie (Vaults:2)
  4 acid dragons
  44 nagas
  A floating eye (shapeshifter) (D:14)
  17 water moccasins
  A human zombie (Vaults:2)
  28 orc warriors
  4 black bears
  An ice beast (D:5)
  2 sky beasts
  A black bear (shapeshifter) (D:15)
  18 ogres
  4 boggarts (D:14)
  23 centaurs
  6 wolves (Lair:1)
  2 phantoms
  6 kobold brigands
  13 bullfrogs
  A gnoll sergeant (D:6)
  2 scorpions
  A glowing shapeshifter simulacrum (Vaults:2)
  4 wights
  6 killer bees
  2 electric eels
  5 lava snakes (Lair:3)
  5 howler monkeys
  A centaur zombie (D:9)
  3 jellies
  13 orc priests
  3 hounds
  3 sleepcaps (D:5)
  6 iguanas
  30 orc wizards
  13 hell rats
  A howler monkey zombie (D:9)
  A howler monkey skeleton (D:9)
  3 gnolls (D:6)
  3 adders
  7 river rats (Lair:5)
  2 shadow imps (D:6)
  A white imp (D:7)
  An ufetubus (D:6)
  5 worms
  3 dart slugs
  50 orcs
  15 bats
  10 endoplasms
  8 giant cockroaches
  6 goblins
  4 hobgoblins
  2 jackals (D:1)
  23 kobolds
  6 quokkas
  6 ball pythons
  2 frilled lizards
  4 rats
1240 creatures vanquished.

Vanquished Creatures (others)
  A wizard (Vaults:3)
  2 slime creatures (D:14)
  3 orcs
6 creatures vanquished.

Grand Total: 1246 creatures vanquished

Notes
Turn   | Place    | Note
-------+----------+-------------------------------------------
     0 | D:1      | qw the Minotaur Hexslinger began the quest for the Orb.
     0 | D:1      | Reached XP level 1. HP: 16/16 MP: 1/1
     0 | D:1      | 0 ||| qw: Version: 0.3-a-51-g015441d
     0 | D:1      | 0 ||| qw: Game counter: 4077
     0 | D:1      | 0 ||| qw: Melee chars always use a shield: true
     0 | D:1      | 0 ||| qw: God list: Okawaru
     0 | D:1      | 0 ||| qw: Allow faded altars: false
     0 | D:1      | 0 ||| qw: Do Orc after clearing Dungeon:15 true
     0 | D:1      | 0 ||| qw: Do second Lair branch before Depths: true
     0 | D:1      | 0 ||| qw: Lair rune preference: random
     0 | D:1      | 0 ||| qw: Goals: Normal
     0 | D:1      | 0 ||| PLANNING D:1-11
    60 | D:1      | HP: 4/16 [jackal (2)]
    65 | D:1      | Reached skill level 3 in Ranged Weapons
    67 | D:1      | Reached XP level 2. HP: 7/23 MP: 2/2
   436 | D:1      | Reached skill level 2 in Fighting
   662 | D:1      | Found a faded altar of an unknown god.
   734 | D:1      | 734 ||| UPGRADING to +0 leather armour.
   744 | D:1      | 744 ||| DROPPING +0 robe.
   745 | D:1      | 745 ||| READING scroll labelled IZXIUSTR ZUFAO.
   746 | D:1      | 746 ||| READING scroll labelled XUVELL UGI MOEGY.
   747 | D:1      | 747 ||| READING scroll labelled WAPTYA GELUUJA.
   748 | D:1      | 748 ||| DROPPING scroll of poison.
   837 | D:2      | Reached XP level 3. HP: 29/29 MP: 3/3
  1003 | D:2      | Found a bloodstained altar of Trog.
  1504 | D:2      | Reached XP level 4. HP: 36/36 MP: 4/4
  1688 | D:2      | 1688 ||| UPGRADING to +0 pair of boots.
  1693 | D:2      | 1693 ||| READING 2 scrolls labelled XOSCHI YQIR DEDGH.
  1696 | D:2      | 1696 ||| READING scroll labelled TEIBRY QIUMUGI.
  1697 | D:2      | 1697 ||| READING scroll labelled NINOAX WUDGH.
  1698 | D:2      | 1698 ||| READING scroll labelled KET AKOMUGA.
  1699 | D:2      | 1699 ||| DRINKING 2 bubbling amethyst potions.
  1700 | D:2      | 1700 ||| DROPPING potion of attraction.
  1720 | D:3      | 1720 ||| PLANNING SEWER
  1882 | D:3      | 1882 ||| Stepping ~*~*~tactically~*~*~ (water).
  1923 | D:3      | Found a glowing drain.
  1924 | D:3      | 1924 ||| READING scroll labelled ONUKUGY FEMA.
  2028 | Sewer    | Entered a sewer
  2061 | Sewer    | Noticed a water moccasin
  2073 | Sewer    | Killed a water moccasin
  2074 | Sewer    | Reached skill level 4 in Fighting
  2074 | Sewer    | Reached XP level 5. HP: 29/47 MP: 5/5
  2175 | Sewer    | 2175 ||| UPGRADING to +0 ring mail.
  2185 | Sewer    | 2185 ||| DROPPING +0 leather armour.
  2194 | D:3      | 2194 ||| PLANNING D:1-11
  2363 | D:3      | Found a shadowy altar of Dithmenos.
  2541 | D:3      | Reached skill level 1 in Armour
  2817 | D:3      | 2817 ||| READING scroll labelled LIDUASS RIGO.
  2818 | D:3      | 2818 ||| DRINKING 3 purple potions.
  2819 | D:3      | 2819 ||| READING 3 scrolls of identify.
  2819 | D:3      | 2819 ||| IDENTIFYING bubbling yellow potion
  2820 | D:3      | 2820 ||| READING 2 scrolls of identify.
  2820 | D:3      | 2820 ||| IDENTIFYING ruby potion
  2979 | D:4      | 2979 ||| Stepping ~*~*~tactically~*~*~ (outnumbered).
  2981 | D:4      | 2981 ||| Stepping ~*~*~tactically~*~*~ (outnumbered).
  2987 | D:4      | Reached XP level 6. HP: 49/53 MP: 6/6
  3018 | D:4      | Identified the +0 robe of Egalitarianism {rC+}
  3052 | D:4      | Reached skill level 6 in Ranged Weapons
  3391 | D:4      | 3391 ||| UPGRADING to +0 pair of gloves.
  3396 | D:4      | 3396 ||| UPGRADING to +0 robe of Egalitarianism {rC+}.
  3406 | D:4      | 3406 ||| UPGRADING to +6 ring of dexterity.
  3407 | D:4      | 3407 ||| READING scroll labelled FASANU JEXUHU.
  3407 | D:4      | Identified a scroll of acquirement
  3407 | D:4      | 3407 ||| ACQUIRING +3 greatsling "Punk" {acid, rCorr}
  3407 | D:4      | Acquired the +3 greatsling "Punk" {acid, rCorr}
  3407 | D:4      | Found the +3 greatsling "Punk" {acid, rCorr}
  3409 | D:4      | 3409 ||| SWAPPING to +3 greatsling "Punk" {acid, rCorr}.
  3410 | D:4      | 3410 ||| DROPPING +1 sling of freezing.
  3411 | D:4      | 3411 ||| DRINKING 2 yellow potions.
  3412 | D:4      | 3412 ||| DROPPING potion of invisibility.
  3425 | D:5      | Entered Level 5 of the Dungeon
  3428 | D:5      | 3428 ||| STAIRDANCE
  3432 | D:4      | Reached skill level 3 in Dodging
  3572 | D:5      | Found a white marble altar of Elyvilon.
  3709 | D:5      | Reached XP level 7. HP: 60/60 MP: 7/7
  4595 | D:6      | 4595 ||| Stepping ~*~*~tactically~*~*~ (outnumbered).
  4597 | D:6      | 4597 ||| Stepping ~*~*~tactically~*~*~ (outnumbered).
  4599 | D:6      | 4599 ||| Stepping ~*~*~tactically~*~*~ (outnumbered).
  4603 | D:6      | Reached skill level 5 in Fighting
  4607 | D:6      | 4607 ||| Stepping ~*~*~tactically~*~*~ (outnumbered).
  4715 | D:6      | Found a bloodstained altar of Trog.
  4732 | D:6      | Found Dotaluh's Book Shop.
  4747 | D:6      | Reached XP level 8. HP: 68/68 MP: 8/8
  4782 | D:6      | Found a staircase to the Ecumenical Temple.
  4783 | D:6      | 4783 ||| PLANNING TEMPLE
  4790 | Temple   | Entered the Ecumenical Temple
  4791 | Temple   | 4791 ||| PLANNING OKAWARU WORSHIP
  4806 | Temple   | Became a worshipper of Warmaster Okawaru
  4807 | Temple   | 4807 ||| PLANNING D:1-11
  4930 | D:6      | 4930 ||| Stepping ~*~*~tactically~*~*~ (outnumbered).
  4934 | D:6      | 4934 ||| Stepping ~*~*~tactically~*~*~ (outnumbered).
  4938 | D:6      | Reached skill level 9 in Ranged Weapons
  4941 | D:6      | 4941 ||| FLEEEEING.
  4949 | D:6      | 4949 ||| FLEEEEING.
  4950 | D:6      | 4950 ||| FLEEEEING.
  4951 | D:6      | 4951 ||| FLEEEEING.
  4952 | D:6      | 4952 ||| FLEEEEING.
  4953 | D:6      | 4953 ||| FLEEEEING.
  4954 | D:6      | 4954 ||| FLEEEEING.
  4955 | D:6      | 4955 ||| FLEEEEING.
  4956 | D:6      | 4956 ||| FLEEEEING.
  4957 | D:6      | 4957 ||| FLEEEEING.
  4958 | D:6      | 4958 ||| FLEEEEING.
  4960 | D:6      | 4960 ||| FLEEEEING.
  4961 | D:6      | 4961 ||| FLEEEEING.
  4962 | D:6      | 4962 ||| FLEEEEING.
  4963 | D:6      | 4963 ||| STAIRDANCE
  5050 | D:6      | 5050 ||| STAIRDANCE
  5056 | D:5      | Reached skill level 6 in Fighting
  5271 | D:6      | Reached * piety under Okawaru
  5272 | D:6      | 5272 ||| INVOKING Heroism.
  5512 | D:6      | 5512 ||| UPGRADING to +0 leather armour of cold resistance.
  5522 | D:6      | 5522 ||| DROPPING +0 robe of Egalitarianism {rC+}.
  5586 | D:7      | 5586 ||| INVOKING Heroism.
  5651 | D:7      | Reached skill level 1 in Invocations
  5726 | D:7      | Found Yliutroi's Book Shoppe.
  5881 | D:7      | Found Ratuar Duplu's General Store.
  5995 | D:7      | Found Lol Atsatz's Antique Armour Emporium.
  6000 | D:7      | 6000 ||| BUYING pair of distressingly furry boots (247
                  | gold).
  6000 | D:7      | Bought a pair of distressingly furry boots for 247 gold
                  | pieces
  6000 | D:7      | Identified the +0 pair of boots of Zemurot {Drain rC+++
                  | Dex+3} (You bought it in a shop on level 7 of the Dungeon)
  6000 | D:7      | 6000 ||| BUYING runed ring mail (182 gold).
  6000 | D:7      | Bought a runed ring mail for 182 gold pieces
  6000 | D:7      | 6000 ||| SHOPLISTING shiny ring mail (182 gold, have 35).
  6048 | D:7      | Found a blossoming altar of Fedhas.
  6635 | D:7      | 6635 ||| DROPPING +0 ring mail.
  6636 | D:7      | 6636 ||| UPGRADING to +0 pair of boots of Zemurot {Drain
                  | rC+++ Dex+3}.
  6646 | D:7      | 6646 ||| DROPPING +0 pair of boots.
  6647 | D:7      | 6647 ||| UPGRADING to +3 ring mail.
  6657 | D:7      | 6657 ||| DROPPING +0 leather armour of cold resistance.
  6658 | D:7      | 6658 ||| UPGRADING to amulet of regeneration.
  6663 | D:7      | 6663 ||| READING 2 scrolls of identify.
  6663 | D:7      | 6663 ||| IDENTIFYING viscous green potion
  6664 | D:7      | 6664 ||| DROPPING potion of lignification.
  6753 | D:8      | 6753 ||| STAIRDANCE
  6758 | D:7      | Reached XP level 9. HP: 58/75 MP: 8/10
  6781 | D:8      | 6781 ||| STAIRDANCE
  6784 | D:7      | Reached skill level 3 in Armour
  6803 | D:8      | Reached skill level 3 in Invocations
  6838 | D:8      | Reached ** piety under Okawaru
  6846 | D:8      | 6846 ||| INVOKING Heroism.
  6850 | D:8      | Reached skill level 7 in Fighting
  6942 | D:8      | 6942 ||| READING scroll of enchant armour.
  6942 | D:8      | 6942 ||| ENCHANTING +0 pair of gloves.
  7058 | D:8      | 7058 ||| INVOKING Heroism.
  7325 | D:8      | Reached skill level 6 in Dodging
  7346 | D:8      | Found a broken altar of Ashenzari.
  7347 | D:8      | Found a shimmering altar of Xom.
  7349 | D:8      | Found a hide-covered altar of Uskayaw.
  7463 | D:8      | 7463 ||| UPGRADING to +4 ring of protection.
  7464 | D:8      | 7464 ||| READING scroll labelled FODAOS DEORYADGH.
  7465 | D:8      | 7465 ||| DRINKING 2 smoky sapphire potions.
  7466 | D:8      | 7466 ||| DROPPING potion of degeneration.
  7490 | D:9      | Reached *** piety under Okawaru
  7502 | D:9      | Reached skill level 12 in Ranged Weapons
  7506 | D:9      | Reached XP level 10. HP: 86/86 MP: 12/12
  7671 | D:9      | Reached skill level 8 in Fighting
  7762 | D:9      | Reached **** piety under Okawaru
  7833 | D:9      | 7833 ||| INVOKING Heroism.
  7873 | D:9      | 7873 ||| INVOKING Heroism.
  8045 | D:9      | Identified the +6 leather armour of Pajutt {rF+ Str+2}
  8047 | D:9      | 8047 ||| Stepping ~*~*~tactically~*~*~ (outnumbered).
  8149 | D:9      | 8149 ||| INVOKING Heroism.
  8522 | D:9      | 8522 ||| UPGRADING to +0 troll leather armour.
  8532 | D:9      | 8532 ||| DROPPING +3 ring mail.
  8533 | D:9      | 8533 ||| UPGRADING to +6 leather armour of Pajutt {rF+
                  | Str+2}.
  8543 | D:9      | 8543 ||| DROPPING +0 troll leather armour.
  8544 | D:9      | 8544 ||| DROPPING amulet of magic regeneration.
  8545 | D:9      | 8545 ||| DROPPING +6 ring of strength.
  8583 | D:8      | 8583 ||| DROPPING ring of resist corrosion.
  8611 | D:10     | Entered Level 10 of the Dungeon
  8635 | D:10     | Found a staircase to the Orcish Mines.
  8710 | D:10     | 8710 ||| Stepping randomly (disturbance).
  8736 | D:10     | 8736 ||| INVOKING Heroism.
  8739 | D:10     | Noticed a two-headed ogre
  8743 | D:10     | 8743 ||| Stepping ~*~*~tactically~*~*~ (outnumbered).
  8752 | D:10     | Killed a two-headed ogre
  8753 | D:10     | Reached skill level 6 in Invocations
  8764 | D:10     | 8764 ||| INVOKING Heroism.
  8782 | D:10     | Reached skill level 9 in Fighting
  8782 | D:10     | Reached XP level 11. HP: 97/97 MP: 14/14
  8786 | D:10     | 8786 ||| Stepping ~*~*~tactically~*~*~ (outnumbered).
  8790 | D:10     | 8790 ||| Stepping ~*~*~tactically~*~*~ (outnumbered).
  8797 | D:10     | Reached ***** piety under Okawaru
  8952 | D:10     | Found a staircase to the Lair.
  8953 | D:10     | Noticed an oklob plant
  8954 | D:10     | 8954 ||| INVOKING Heroism.
  8955 | D:10     | 8955 ||| READING 5 scrolls of identify.
  8955 | D:10     | 8955 ||| IDENTIFYING grey potion
  8956 | D:10     | 8956 ||| READING 4 scrolls of identify.
  8956 | D:10     | 8956 ||| IDENTIFYING brown potion
  8957 | D:10     | 8957 ||| READING 3 scrolls of identify.
  8957 | D:10     | 8957 ||| IDENTIFYING coppery potion
  8958 | D:10     | 8958 ||| READING 2 scrolls of identify.
  8958 | D:10     | 8958 ||| IDENTIFYING red potion
  8959 | D:10     | 8959 ||| DROPPING potion of ambrosia.
  8960 | D:10     | 8960 ||| DROPPING potion of brilliance.
  8977 | D:10     | Killed an oklob plant
  9106 | D:10     | Noticed Fannar
  9119 | D:10     | Killed Fannar
  9487 | D:10     | 9487 ||| INVOKING Heroism.
  9492 | D:10     | Identified the +7 chain mail "Jihixosi" {rPois Will++}
                  | (Okawaru gifted it to you on level 10 of the Dungeon)
  9492 | D:10     | Received a gift from Okawaru
  9767 | D:10     | 9767 ||| PLANNING LAIR
  9912 | Lair:1   | Entered Level 1 of the Lair of Beasts
  9913 | Lair:1   | 9913 ||| INVOKING Heroism.
 10016 | Lair:1   | 10016 ||| INVOKING Heroism.
 10053 | Lair:1   | 10053 ||| INVOKING Heroism.
 10252 | Lair:1   | 10252 ||| INVOKING Heroism.
 10424 | Lair:1   | Reached skill level 9 in Invocations
 10532 | Lair:1   | 10532 ||| READING scroll labelled ULECUTSAEGECW.
 10559 | Lair:2   | 10559 ||| INVOKING Heroism.
 10587 | Lair:2   | Noticed a harpy
 10587 | Lair:2   | Noticed a harpy
 10587 | Lair:2   | Noticed a harpy
 10590 | Lair:2   | Killed a harpy
 10591 | Lair:2   | 10591 ||| Stepping ~*~*~tactically~*~*~ (outnumbered).
 10600 | Lair:2   | Killed a harpy
 10607 | Lair:2   | Killed a harpy
 10608 | Lair:2   | Reached skill level 9 in Dodging
 10608 | Lair:2   | Found a staircase to the Shoals.
 10629 | Lair:2   | 10629 ||| INVOKING Heroism.
 10635 | Lair:2   | Reached XP level 12. HP: 104/104 MP: 15/18
 10760 | Lair:2   | 10760 ||| INVOKING Heroism.
 10916 | Lair:2   | Reached skill level 10 in Fighting
 10987 | Lair:2   | Noticed an eight-headed hydra
 10988 | Lair:2   | 10988 ||| INVOKING Heroism.
 10994 | Lair:2   | Killed an eight-headed hydra
 11131 | Lair:2   | 11131 ||| INVOKING Heroism.
 11134 | Lair:2   | Noticed an eight-headed hydra
 11141 | Lair:2   | Killed an eight-headed hydra
 11202 | Lair:2   | Found a dark tunnel.
 11220 | Lair:2   | 11220 ||| DROPPING +4 ring of slaying {mikee}.
 11221 | Lair:2   | 11221 ||| READING 7 scrolls of identify.
 11221 | Lair:2   | 11221 ||| IDENTIFYING bubbling green potion
 11222 | Lair:2   | 11222 ||| READING 6 scrolls of identify.
 11222 | Lair:2   | 11222 ||| IDENTIFYING smoky red potion
 11223 | Lair:2   | 11223 ||| DRINKING potion of experience.
 11223 | Lair:2   | Reached skill level 13 in Fighting
 11223 | Lair:2   | Reached XP level 13. HP: 123/123 MP: 19/19
 11224 | Lair:2   | 11224 ||| READING 5 scrolls of identify.
 11224 | Lair:2   | 11224 ||| IDENTIFYING emerald potion
 11275 | Lair:3   | Noticed Kirke
 11276 | Lair:3   | 11276 ||| INVOKING Heroism.
 11277 | Lair:3   | 11277 ||| INVOKING Finesse.
 11285 | Lair:3   | Killed Kirke
 11367 | Lair:3   | 11367 ||| INVOKING Heroism.
 11395 | Lair:3   | Found a staircase to the Snake Pit.
 11396 | Lair:3   | 11396 ||| Stepping ~*~*~tactically~*~*~ (outnumbered).
 11398 | Lair:3   | 11398 ||| Stepping ~*~*~tactically~*~*~ (outnumbered).
 11400 | Lair:3   | 11400 ||| Stepping ~*~*~tactically~*~*~ (outnumbered).
 11402 | Lair:3   | 11402 ||| Stepping ~*~*~tactically~*~*~ (outnumbered).
 11404 | Lair:3   | 11404 ||| Stepping ~*~*~tactically~*~*~ (outnumbered).
 11433 | Lair:3   | 11433 ||| INVOKING Heroism.
 11526 | Lair:3   | 11526 ||| INVOKING Heroism.
 11536 | Lair:3   | 11536 ||| INVOKING Finesse.
 11551 | Lair:3   | Reached skill level 12 in Dodging
 11726 | Lair:3   | Reached skill level 14 in Fighting
 11737 | Lair:3   | 11737 ||| INVOKING Heroism.
 11825 | Lair:3   | 11825 ||| INVOKING Heroism.
 12288 | Lair:3   | 12288 ||| READING scroll labelled BIR JAOCIEZ.
 12289 | Lair:3   | 12289 ||| READING scroll labelled NETUORPH YQUPS.
 12525 | Lair:4   | 12525 ||| INVOKING Heroism.
 12581 | Lair:4   | 12581 ||| INVOKING Heroism.
 12776 | Lair:4   | Reached XP level 14. HP: 133/133 MP: 20/20
 13041 | Lair:5   | Entered Level 5 of the Lair of Beasts
 13048 | Lair:5   | Reached skill level 15 in Fighting
 13058 | Lair:5   | 13058 ||| STAIRDANCE
 13060 | Lair:4   | 13060 ||| INVOKING Heroism.
 13095 | Lair:5   | 13095 ||| STAIRDANCE
 13114 | Lair:5   | 13114 ||| STAIRDANCE
 13149 | Lair:5   | 13149 ||| STAIRDANCE
 13165 | Lair:5   | 13165 ||| STAIRDANCE
 13216 | Lair:5   | 13216 ||| INVOKING Heroism.
 13242 | Lair:5   | Identified the +3 scimitar "Lingoak" {freeze, rElec rC+
                  | Str+3} (Okawaru gifted it to you on level 5 of the Lair of
                  | Beasts)
 13242 | Lair:5   | Received a gift from Okawaru
 13270 | Lair:5   | Reached skill level 6 in Armour
 13341 | Lair:5   | Identified the +0 scale mail of Subjectivity {rCorr}
 13409 | Lair:5   | 13409 ||| INVOKING Heroism.
 13480 | Lair:5   | 13480 ||| INVOKING Heroism.
 13481 | Lair:5   | 13481 ||| INVOKING Finesse.
 13484 | Lair:5   | 13484 ||| Stepping ~*~*~tactically~*~*~ (cloud).
 13488 | Lair:5   | 13488 ||| Stepping ~*~*~tactically~*~*~ (cloud).
 13740 | Lair:5   | Found a viscous altar of Jiyva.
 13740 | Lair:5   | Found a staircase to the Slime Pits.
 13751 | Lair:5   | Reached skill level 16 in Fighting
 13768 | Lair:5   | Received a gift from Okawaru
 13780 | Lair:5   | 13780 ||| SWAPPING to +4 triple crossbow of draining.
 13781 | Lair:5   | 13781 ||| DROPPING +3 greatsling "Punk" {acid, rCorr}.
 13916 | Lair:5   | 13916 ||| INVOKING Heroism.
 14021 | Lair:5   | 14021 ||| INVOKING Heroism.
 14178 | Lair:5   | 14178 ||| PLANNING D:1-11
 14178 | Lair:5   | 14178 ||| UPGRADING to +0 cloak.
 14183 | Lair:5   | 14183 ||| DROPPING ring of magical power.
 14184 | Lair:5   | 14184 ||| UPGRADING to +5 ring of evasion.
 14186 | Lair:5   | 14186 ||| DROPPING +4 ring of protection.
 14187 | Lair:5   | 14187 ||| READING scroll labelled AJEMAA IRCHUO.
 14310 | D:11     | Found Haryr's Antique Weapon Boutique.
 14340 | D:11     | Noticed Josephine
 14341 | D:11     | Killed Josephine
 14345 | D:11     | 14345 ||| Stepping ~*~*~tactically~*~*~ (outnumbered).
 14387 | D:11     | Found Gibat's Weapon Emporium.
 14686 | D:11     | Found Jucw's Weapon Shop.
 14928 | D:11     | Reached skill level 15 in Ranged Weapons
 14978 | D:11     | 14978 ||| INVOKING Heroism.
 15064 | D:11     | Found Xajewk's Assorted Antiques.
 15073 | D:11     | 15073 ||| BUYING scroll of enchant armour (195 gold).
 15073 | D:11     | Bought a scroll of enchant armour for 195 gold pieces
 15073 | D:11     | 15073 ||| READING scroll of enchant armour.
 15073 | D:11     | 15073 ||| ENCHANTING +1 pair of gloves.
 15199 | D:11     | 15199 ||| PLANNING D
 15333 | D:12     | Noticed Lodul
 15334 | D:12     | 15334 ||| INVOKING Heroism.
 15337 | D:12     | Killed Lodul
 15435 | D:12     | Noticed Psyche
 15445 | D:12     | Killed Psyche
 15711 | D:12     | 15711 ||| DROPPING ring of flight.
 15739 | D:13     | 15739 ||| PLANNING GAUNTLET
 15874 | D:13     | 15874 ||| Stepping ~*~*~tactically~*~*~ (outnumbered).
 15947 | D:13     | Reached XP level 15. HP: 124/144 MP: 21/21
 16006 | D:13     | 16006 ||| INVOKING Heroism.
 16213 | D:13     | 16213 ||| RIP GAUNTLET
 16222 | D:13     | 16222 ||| PLANNING D
 16316 | D:13     | Found a sacrificial altar of Ru.
 16631 | D:13     | 16631 ||| DROPPING ring of willpower.
 16632 | D:13     | 16632 ||| DROPPING ring of wizardry.
 16655 | D:14     | 16655 ||| INVOKING Heroism.
 16677 | D:14     | 16677 ||| DRINKING 3 potions of cancellation.
 16681 | D:14     | 16681 ||| INVOKING Finesse.
 16692 | D:14     | 16692 ||| STAIRDANCE
 16763 | D:14     | 16763 ||| INVOKING Heroism.
 16764 | D:14     | 16764 ||| INVOKING Finesse.
 16807 | D:14     | 16807 ||| Stepping randomly (disturbance).
 16908 | D:14     | Received a gift from Okawaru
 17058 | D:14     | Identified the +7 war axe "Giantslayer" {protect, rC+}
 17110 | D:14     | Found a gate to the Vaults.
 17225 | D:14     | 17225 ||| READING 13 scrolls of identify.
 17225 | D:14     | 17225 ||| IDENTIFYING murky emerald potion
 17243 | D:15     | Entered Level 15 of the Dungeon
 17459 | D:15     | Found a staircase to the Depths.
 17477 | D:15     | Identified Roxanne's Essays on Cleavage
 17477 | D:15     | Noticed Roxanne
 17478 | D:15     | 17478 ||| INVOKING Heroism.
 17479 | D:15     | 17479 ||| INVOKING Finesse.
 17482 | D:15     | Found a frozen archway.
 17489 | D:15     | Killed Roxanne
 17490 | D:15     | Reached skill level 18 in Ranged Weapons
 17587 | D:15     | 17587 ||| INVOKING Heroism.
 17596 | D:15     | Received a gift from Okawaru
 17671 | D:15     | Found a shimmering altar of Xom.
 17672 | D:15     | Found a shimmering altar of Xom.
 17673 | D:15     | Found a shimmering altar of Xom.
 17673 | D:15     | Found a shimmering altar of Xom.
 17674 | D:15     | Found a shimmering altar of Xom.
 17676 | D:15     | Found a shimmering altar of Xom.
 17677 | D:15     | 17677 ||| Stepping ~*~*~tactically~*~*~ (water).
 17815 | D:15     | Found a burning altar of Makhleb.
 17857 | D:15     | 17857 ||| Stepping ~*~*~tactically~*~*~ (outnumbered).
 17859 | D:15     | 17859 ||| Stepping ~*~*~tactically~*~*~ (outnumbered).
 17860 | D:15     | 17860 ||| INVOKING Heroism.
 17909 | D:15     | 17909 ||| INVOKING Heroism.
 17955 | D:15     | Found Dotopopnuo's Antique Weapon Boutique.
 17995 | D:15     | 17995 ||| INVOKING Heroism.
 18059 | D:15     | 18059 ||| PLANNING ORC
 18160 | Orc:1    | Entered Level 1 of the Orcish Mines
 18161 | Orc:1    | 18161 ||| INVOKING Heroism.
 18166 | Orc:1    | 18166 ||| Stepping ~*~*~tactically~*~*~ (outnumbered).
 18172 | Orc:1    | 18172 ||| Stepping ~*~*~tactically~*~*~ (outnumbered).
 18232 | Orc:1    | Found Entuisee's Gadget Gallery.
 18247 | Orc:1    | 18247 ||| BUYING wand of digging (3) (176 gold).
 18247 | Orc:1    | Bought a wand of digging (3) for 176 gold pieces
 18247 | Orc:1    | 18247 ||| BUYING wand of digging (5) (294 gold).
 18247 | Orc:1    | Bought a wand of digging (5) for 294 gold pieces
 18290 | Orc:2    | Entered Level 2 of the Orcish Mines
 18290 | Orc:2    | Found a staircase to the Elven Halls.
 18545 | Orc:2    | 18545 ||| Stepping ~*~*~tactically~*~*~ (outnumbered).
 18546 | Orc:2    | 18546 ||| Stepping ~*~*~tactically~*~*~ (outnumbered).
 18547 | Orc:2    | 18547 ||| Stepping ~*~*~tactically~*~*~ (outnumbered).
 18548 | Orc:2    | 18548 ||| Stepping ~*~*~tactically~*~*~ (outnumbered).
 18549 | Orc:2    | 18549 ||| Stepping ~*~*~tactically~*~*~ (outnumbered).
 18550 | Orc:2    | 18550 ||| Stepping ~*~*~tactically~*~*~ (outnumbered).
 18551 | Orc:2    | 18551 ||| Stepping ~*~*~tactically~*~*~ (outnumbered).
 18552 | Orc:2    | 18552 ||| Stepping ~*~*~tactically~*~*~ (outnumbered).
 18553 | Orc:2    | 18553 ||| Stepping ~*~*~tactically~*~*~ (outnumbered).
 18554 | Orc:2    | 18554 ||| Stepping ~*~*~tactically~*~*~ (outnumbered).
 18555 | Orc:2    | 18555 ||| Stepping ~*~*~tactically~*~*~ (outnumbered).
 18556 | Orc:2    | 18556 ||| Stepping ~*~*~tactically~*~*~ (outnumbered).
 18561 | Orc:2    | 18561 ||| INVOKING Heroism.
 18594 | Orc:2    | 18594 ||| Stepping ~*~*~tactically~*~*~ (outnumbered).
 18653 | Orc:2    | 18653 ||| Stepping ~*~*~tactically~*~*~ (outnumbered).
 18854 | Orc:2    | Found Omez's Armour Shop.
 18854 | Orc:2    | Found Vat Bore's Jewellery Shoppe.
 18856 | Orc:2    | Found Feneyk's Jewellery Emporium.
 18858 | Orc:2    | Found Beihaeta's Assorted Antiques.
 18862 | Orc:2    | 18862 ||| BUYING +1 cloak (172 gold).
 18862 | Orc:2    | Bought a +1 cloak for 172 gold pieces
 18863 | Orc:2    | 18863 ||| BUYING ring "Bahi" {Wiz rPois rF- rN++ SInv} (635
                  | gold).
 18863 | Orc:2    | Bought the ring "Bahi" {Wiz rPois rF- rN++ SInv} for 635
                  | gold pieces
 18863 | Orc:2    | 18863 ||| SHOPLISTING ring of Zaz Ruz {Wiz rC+ SInv} (626
                  | gold, have 131).
 18865 | Orc:2    | 18865 ||| SHOPLISTING amulet "Qyinef" {Reflect Int+3 SH+5}
                  | (562 gold, have 131).
 18865 | Orc:2    | 18865 ||| SHOPLISTING ring of fire (325 gold, have 131).
 18870 | Orc:2    | 18870 ||| SHOPLISTING potion of might (132 gold, have 131).
 19000 | Orc:2    | 19000 ||| INVOKING Heroism.
 19087 | Orc:2    | 19087 ||| Stepping ~*~*~tactically~*~*~ (outnumbered).
 19089 | Orc:2    | 19089 ||| Stepping ~*~*~tactically~*~*~ (outnumbered).
 19091 | Orc:2    | 19091 ||| Stepping ~*~*~tactically~*~*~ (outnumbered).
 19093 | Orc:2    | 19093 ||| Stepping ~*~*~tactically~*~*~ (outnumbered).
 19095 | Orc:2    | 19095 ||| Stepping ~*~*~tactically~*~*~ (outnumbered).
 19183 | Orc:2    | 19183 ||| UPGRADING to +1 cloak.
 19193 | Orc:2    | 19193 ||| DROPPING +0 cloak.
 19194 | Orc:2    | 19194 ||| UPGRADING to ring "Bahi" {Wiz rPois rF- rN++
                  | SInv}.
 19196 | Orc:2    | 19196 ||| UPGRADING to +6 ring of dexterity.
 19395 | Orc:1    | 19395 ||| Stepping ~*~*~tactically~*~*~ (outnumbered).
 19397 | Orc:1    | 19397 ||| Stepping ~*~*~tactically~*~*~ (outnumbered).
 19690 | Orc:1    | 19690 ||| INVOKING Heroism.
 19780 | Orc:1    | 19780 ||| PLANNING SNAKE:1-3
 19940 | Snake:1  | Entered Level 1 of the Snake Pit
 19942 | Snake:1  | 19942 ||| INVOKING Heroism.
 19980 | Snake:1  | 19980 ||| FLEEEEING.
 19981 | Snake:1  | 19981 ||| FLEEEEING.
 19982 | Snake:1  | 19982 ||| FLEEEEING.
 19984 | Snake:1  | 19984 ||| STAIRDANCE
 20022 | Snake:1  | You fall into a shaft and drop 1 floor!
 20022 | Snake:2  | Noticed Vashnia
 20022 | Snake:2  | Noticed a nagaraja
 20023 | Snake:2  | 20023 ||| INVOKING Heroism.
 20024 | Snake:2  | 20024 ||| INVOKING Finesse.
 20026 | Snake:2  | Killed a nagaraja
 20027 | Snake:2  | Reached XP level 16. HP: 138/151 MP: 14/22
 20035 | Snake:2  | Received a gift from Okawaru
 20043 | Snake:2  | Killed Vashnia
 20119 | Snake:2  | 20119 ||| INVOKING Heroism.
 20126 | Snake:2  | Reached skill level 21 in Ranged Weapons
 20416 | Snake:2  | 20416 ||| INVOKING Heroism.
 20798 | Snake:1  | Identified the +3 war axe of Idumnem {flame, rF+ Int+3
                  | Dex+3}
 20922 | Snake:1  | 20922 ||| INVOKING Heroism.
 20926 | Snake:1  | Received a gift from Okawaru
 21121 | Snake:1  | 21121 ||| INVOKING Heroism.
 21539 | Snake:2  | 21539 ||| INVOKING Heroism.
 21637 | Snake:2  | 21637 ||| Stepping ~*~*~tactically~*~*~ (outnumbered).
 21807 | Snake:3  | 21807 ||| Stepping ~*~*~tactically~*~*~ (outnumbered).
 21809 | Snake:3  | 21809 ||| Stepping ~*~*~tactically~*~*~ (outnumbered).
 21819 | Snake:3  | 21819 ||| Stepping ~*~*~tactically~*~*~ (outnumbered).
 21869 | Snake:3  | 21869 ||| Stepping ~*~*~tactically~*~*~ (outnumbered).
 21888 | Snake:3  | Noticed Bai Suzhen
 21889 | Snake:3  | 21889 ||| INVOKING Heroism.
 21890 | Snake:3  | 21890 ||| INVOKING Finesse.
 21899 | Snake:3  | Killed Bai Suzhen
 21900 | Snake:3  | Reached skill level 15 in Dodging
 21959 | Snake:3  | 21959 ||| INVOKING Heroism.
 22036 | Snake:3  | 22036 ||| Stepping ~*~*~tactically~*~*~ (outnumbered).
 22074 | Snake:3  | 22074 ||| INVOKING Heroism.
 22087 | Snake:3  | Found an ancient bone altar of Kikubaaqudgha.
 22657 | Snake:3  | 22657 ||| PLANNING SHOALS:1-3
 22793 | Shoals:1 | Entered Level 1 of the Shoals
 22799 | Shoals:1 | 22799 ||| STAIRDANCE
 22836 | Shoals:1 | Noticed Jorgrun
 22837 | Shoals:1 | 22837 ||| INVOKING Heroism.
 22838 | Shoals:1 | 22838 ||| INVOKING Finesse.
 22842 | Shoals:1 | Killed Jorgrun
 22917 | Shoals:1 | 22917 ||| Stepping ~*~*~tactically~*~*~ (outnumbered).
 22918 | Shoals:1 | 22918 ||| Stepping ~*~*~tactically~*~*~ (outnumbered).
 22920 | Shoals:1 | 22920 ||| Stepping ~*~*~tactically~*~*~ (outnumbered).
 22922 | Shoals:1 | 22922 ||| Stepping ~*~*~tactically~*~*~ (outnumbered).
 22925 | Shoals:1 | Reached skill level 17 in Fighting
 22925 | Shoals:1 | Reached XP level 17. HP: 161/161 MP: 23/23
 22926 | Shoals:1 | 22926 ||| Stepping ~*~*~tactically~*~*~ (outnumbered).
 22929 | Shoals:1 | 22929 ||| INVOKING Heroism.
 23004 | Shoals:1 | Found Koxueri's Weapon Emporium.
 23019 | Shoals:1 | Identified the +5 cloak "Ciek" {Str-4 Int+4 SInv} (Okawaru
                  | gifted it to you on level 1 of the Shoals)
 23019 | Shoals:1 | Received a gift from Okawaru
 23255 | Shoals:1 | 23255 ||| INVOKING Heroism.
 23256 | Shoals:1 | 23256 ||| INVOKING Finesse.
 23336 | Shoals:1 | 23336 ||| Stepping ~*~*~tactically~*~*~ (water).
 23417 | Shoals:1 | 23417 ||| UPGRADING to +5 cloak "Ciek" {Str-4 Int+4 SInv}.
 23427 | Shoals:1 | 23427 ||| DROPPING +1 cloak.
 23428 | Shoals:1 | 23428 ||| UPGRADING to +5 ring of evasion.
 23495 | Shoals:2 | 23495 ||| INVOKING Heroism.
 23567 | Shoals:2 | You fall into a shaft and drop 1 floor!
 23575 | Shoals:3 | 23575 ||| INVOKING Heroism.
 23576 | Shoals:3 | 23576 ||| INVOKING Finesse.
 23629 | Shoals:2 | 23629 ||| INVOKING Heroism.
 23670 | Shoals:2 | 23670 ||| Stepping ~*~*~tactically~*~*~ (outnumbered).
 23672 | Shoals:2 | 23672 ||| INVOKING Finesse.
 23673 | Shoals:2 | 23673 ||| Stepping ~*~*~tactically~*~*~ (outnumbered).
 23677 | Shoals:2 | 23677 ||| Stepping ~*~*~tactically~*~*~ (outnumbered).
 23931 | Shoals:2 | 23931 ||| READING scroll labelled JOROG HUAZXA.
 23976 | Shoals:3 | 23976 ||| READING scroll of enchant weapon.
 23976 | Shoals:3 | 23976 ||| ENCHANTING +4 triple crossbow of draining.
 23996 | Shoals:3 | Found Tuahir's Magic Scroll Shop.
 23998 | Shoals:3 | 23998 ||| INVOKING Heroism.
 24025 | Shoals:3 | 24025 ||| BUYING scroll of acquirement (780 gold).
 24025 | Shoals:3 | Bought a scroll of acquirement for 780 gold pieces
 24025 | Shoals:3 | 24025 ||| BUYING scroll of teleportation (45 gold).
 24025 | Shoals:3 | Bought a scroll of teleportation for 45 gold pieces
 24025 | Shoals:3 | 24025 ||| READING scroll of acquirement.
 24025 | Shoals:3 | 24025 ||| ACQUIRING ring "Fudujiko" {rF+ rN+ Int+4}
 24025 | Shoals:3 | Acquired the ring "Fudujiko" {rF+ rN+ Int+4}
 24042 | Shoals:3 | 24042 ||| INVOKING Heroism.
 24045 | Shoals:3 | 24045 ||| Stepping ~*~*~tactically~*~*~ (water).
 24076 | Shoals:3 | 24076 ||| INVOKING Heroism.
 24078 | Shoals:3 | 24078 ||| Stepping ~*~*~tactically~*~*~ (outnumbered).
 24449 | Shoals:3 | 24449 ||| PLANNING SNAKE:4
 24449 | Shoals:3 | 24449 ||| UPGRADING to amulet of faith.
 24641 | Snake:4  | Entered Level 4 of the Snake Pit
 24654 | Snake:4  | 24654 ||| READING scroll of acquirement.
 24654 | Snake:4  | 24654 ||| ACQUIRING 1021 gold pieces
 24654 | Snake:4  | Acquired 1021 gold pieces
 24663 | Snake:4  | 24663 ||| Stepping ~*~*~tactically~*~*~ (outnumbered).
 24665 | Snake:4  | 24665 ||| Stepping ~*~*~tactically~*~*~ (outnumbered).
 24675 | Snake:4  | Reached skill level 18 in Fighting
 24784 | Snake:4  | 24784 ||| Stepping ~*~*~tactically~*~*~ (outnumbered).
 24788 | Snake:4  | 24788 ||| Stepping ~*~*~tactically~*~*~ (outnumbered).
 24790 | Snake:4  | 24790 ||| Stepping ~*~*~tactically~*~*~ (outnumbered).
 24794 | Snake:4  | 24794 ||| Stepping ~*~*~tactically~*~*~ (outnumbered).
 24816 | Snake:4  | 24816 ||| INVOKING Heroism.
 25291 | Snake:4  | 25291 ||| INVOKING Heroism.
 25329 | Snake:4  | 25329 ||| FLEEEEING.
 25330 | Snake:4  | 25330 ||| FLEEEEING.
 25331 | Snake:4  | 25331 ||| FLEEEEING.
 25332 | Snake:4  | 25332 ||| FLEEEEING.
 25333 | Snake:4  | 25333 ||| FLEEEEING.
 25334 | Snake:4  | 25334 ||| FLEEEEING.
 25335 | Snake:4  | 25335 ||| FLEEEEING.
 25336 | Snake:4  | 25336 ||| FLEEEEING.
 25389 | Snake:4  | Reached skill level 18 in Dodging
 25461 | Snake:4  | Identified the +0 pair of gloves "Zeazyc" {rC+ rCorr Int+3}
 25613 | Snake:4  | 25613 ||| INVOKING Heroism.
 25621 | Snake:4  | 25621 ||| Stepping ~*~*~tactically~*~*~ (outnumbered).
 25629 | Snake:4  | Reached skill level 9 in Armour
 25633 | Snake:4  | 25633 ||| Stepping ~*~*~tactically~*~*~ (outnumbered).
 25641 | Snake:4  | Received a gift from Okawaru
 25667 | Snake:4  | 25667 ||| INVOKING Heroism.
 25775 | Snake:4  | 25775 ||| INVOKING Heroism.
 25798 | Snake:4  | 25798 ||| INVOKING Heroism.
 25821 | Snake:4  | Reached skill level 19 in Fighting
 25841 | Snake:4  | Reached XP level 18. HP: 123/176 MP: 24/24
 25997 | Snake:4  | 25997 ||| INVOKING Heroism.
 26118 | Snake:4  | Got a serpentine rune of Zot
 26492 | Snake:4  | Identified the +3 orcbow of a ziggurat {heavy, rElec rC++
                  | Dex-5}
 26493 | Snake:4  | 26493 ||| PLANNING VAULTS:1-4
 26493 | Snake:4  | 26493 ||| DROPPING ring of protection from cold.
 26494 | Snake:4  | 26494 ||| DROPPING ring of ice.
 26495 | Snake:4  | 26495 ||| DROPPING ring of fire.
 26763 | Vaults:1 | Entered Level 1 of the Vaults
 26764 | Vaults:1 | 26764 ||| PLANNING BAZAAR
 27198 | Vaults:1 | Found a flickering gateway to a bazaar.
 27205 | Bazaar   | Entered a bazaar
 27209 | Bazaar   | Found Mywky's Jewellery Emporium.
 27218 | Bazaar   | 27218 ||| BUYING +6 ring of dexterity (684 gold).
 27218 | Bazaar   | Bought a +6 ring of dexterity for 684 gold pieces
 27218 | Bazaar   | Found Zaiferat's General Store.
 27229 | Bazaar   | 27229 ||| BUYING potion of might (56 gold).
 27229 | Bazaar   | Bought a potion of might for 56 gold pieces
 27262 | Bazaar   | Found Remmaong's Weapon Shoppe.
 27271 | Bazaar   | Found Fevym's Magic Scroll Boutique.
 27280 | Bazaar   | 27280 ||| BUYING scroll of teleportation (39 gold).
 27280 | Bazaar   | Bought a scroll of teleportation for 39 gold pieces
 27280 | Bazaar   | 27280 ||| BUYING scroll of teleportation (39 gold).
 27280 | Bazaar   | Bought a scroll of teleportation for 39 gold pieces
 27280 | Bazaar   | 27280 ||| BUYING scroll of teleportation (39 gold).
 27280 | Bazaar   | Bought a scroll of teleportation for 39 gold pieces
 27293 | Bazaar   | 27293 ||| UPGRADING to +6 ring of dexterity.
 27295 | Bazaar   | 27295 ||| DROPPING +5 ring of evasion.
 27317 | Vaults:1 | 27317 ||| PLANNING VAULTS:1-4
 27327 | Vaults:1 | 27327 ||| FLEEEEING.
 27328 | Vaults:1 | 27328 ||| FLEEEEING.
 27330 | Vaults:1 | 27330 ||| FLEEEEING.
 27331 | Vaults:1 | 27331 ||| FLEEEEING.
 27332 | Vaults:1 | 27332 ||| FLEEEEING.
 27338 | Vaults:1 | 27338 ||| FLEEEEING.
 27345 | Vaults:1 | 27345 ||| FLEEEEING.
 27346 | Vaults:1 | 27346 ||| FLEEEEING.
 27347 | Vaults:1 | 27347 ||| FLEEEEING.
 27348 | Vaults:1 | 27348 ||| FLEEEEING.
 27354 | Vaults:1 | 27354 ||| FLEEEEING.
 27360 | Vaults:1 | 27360 ||| FLEEEEING.
 27361 | Vaults:1 | 27361 ||| FLEEEEING.
 27362 | Vaults:1 | 27362 ||| FLEEEEING.
 27363 | Vaults:1 | 27363 ||| FLEEEEING.
 27364 | Vaults:1 | 27364 ||| FLEEEEING.
 27365 | Vaults:1 | 27365 ||| FLEEEEING.
 27366 | Vaults:1 | 27366 ||| FLEEEEING.
 27367 | Vaults:1 | 27367 ||| FLEEEEING.
 27368 | Vaults:1 | 27368 ||| FLEEEEING.
 27376 | Vaults:1 | 27376 ||| FLEEEEING.
 27384 | Vaults:1 | 27384 ||| INVOKING Heroism.
 27385 | Vaults:1 | 27385 ||| INVOKING Finesse.
 27390 | Vaults:1 | Identified the +8 plate armour "Fogusedo" {Rampage Int+4}
                  | (Okawaru gifted it to you on level 1 of the Vaults)
 27390 | Vaults:1 | Received a gift from Okawaru
 27509 | Vaults:1 | 27509 ||| INVOKING Finesse.
 27690 | Vaults:1 | 27690 ||| FLEEEEING.
 27692 | Vaults:1 | 27692 ||| FLEEEEING.
 27694 | Vaults:1 | 27694 ||| FLEEEEING.
 27695 | Vaults:1 | 27695 ||| FLEEEEING.
 27696 | Vaults:1 | 27696 ||| FLEEEEING.
 27697 | Vaults:1 | 27697 ||| FLEEEEING.
 27698 | Vaults:1 | 27698 ||| FLEEEEING.
 27699 | Vaults:1 | 27699 ||| FLEEEEING.
 27700 | Vaults:1 | 27700 ||| FLEEEEING.
 27701 | Vaults:1 | 27701 ||| FLEEEEING.
 27702 | Vaults:1 | 27702 ||| FLEEEEING.
 27703 | Vaults:1 | 27703 ||| FLEEEEING.
 27704 | Vaults:1 | 27704 ||| FLEEEEING.
 27705 | Vaults:1 | 27705 ||| FLEEEEING.
 28081 | Vaults:1 | 28081 ||| DRINKING 9 potions of curing.
 28081 | Vaults:1 | 28081 ||| (to cure confusion)
 28194 | Vaults:1 | Identified the +11 lajatang of Cobwebs {protect, rF+}
 28195 | Vaults:1 | 28195 ||| UPGRADING to +1 hat.
 28200 | Vaults:1 | 28200 ||| READING scroll of enchant armour.
 28200 | Vaults:1 | 28200 ||| ENCHANTING +1 hat.
 28257 | Vaults:2 | 28257 ||| PLANNING DESOLATION
 28331 | Vaults:2 | Reached skill level 20 in Fighting
 28444 | Vaults:2 | Received a gift from Okawaru
 28657 | Vaults:2 | Found a glowing silver altar of Zin.
 28658 | Vaults:2 | Found a glowing golden altar of the Shining One.
 28666 | Vaults:2 | Found a crumbling gateway.
 28667 | Vaults:2 | 28667 ||| DROPPING +2 pair of gloves.
 28680 | Vaults:2 | 28680 ||| INVOKING Heroism.
 28797 | Vaults:2 | Found a white marble altar of Elyvilon.
 28804 | Desolati | Entered the Desolation of Salt
 28866 | Desolati | Identified the ring of Nosuxox {rPois rF- Int+6 Dex+4
                  | Stlth+}
 28917 | Desolati | 28917 ||| INVOKING Heroism.
 28919 | Desolati | 28919 ||| INVOKING Finesse.
 28922 | Desolati | 28922 ||| Stepping ~*~*~tactically~*~*~ (outnumbered).
 28924 | Desolati | Reached skill level 21 in Dodging
 28926 | Desolati | 28926 ||| Stepping ~*~*~tactically~*~*~ (outnumbered).
 28967 | Desolati | Found the +8 arc blade {discharge, rElec}
 29029 | Desolati | Received a gift from Okawaru
 29036 | Desolati | Reached XP level 19. HP: 185/185 MP: 25/25
 29072 | Desolati | 29072 ||| INVOKING Heroism.
 29073 | Desolati | 29073 ||| INVOKING Finesse.
 29168 | Desolati | Identified the ring "Fedaz" {rElec EV+5}
 29172 | Desolati | Identified the ring of Azaipt {rElec rCorr}
 29207 | Desolati | Identified the staff "Meurahemp" {rC+ Will+ Int+2 Fire Ice}
 29467 | Desolati | 29467 ||| DROPPING +1 troll leather armour.
 29468 | Desolati | 29468 ||| UPGRADING to +4 ring mail of poison resistance.
 29478 | Desolati | 29478 ||| DROPPING +6 ring of intelligence.
 29479 | Desolati | 29479 ||| DROPPING ring "Fedaz" {rElec EV+5}.
 29480 | Desolati | 29480 ||| DROPPING ring of Azaipt {rElec rCorr}.
 29550 | Vaults:2 | 29550 ||| PLANNING VAULTS:1-4
 29551 | Vaults:2 | Identified the amulet "Ucworas" {Acrobat rPois Regen+
                  | Int+2}
 29643 | Vaults:2 | Found a staircase to the Crypt.
 29643 | Vaults:2 | Found a basalt altar of Yredelemnul.
 29643 | Vaults:2 | Found an ancient bone altar of Kikubaaqudgha.
 29644 | Vaults:2 | 29644 ||| Stepping ~*~*~tactically~*~*~ (outnumbered).
 29792 | Vaults:2 | 29792 ||| DRINKING 8 potions of curing.
 29792 | Vaults:2 | 29792 ||| (to cure confusion)
 30057 | Vaults:2 | 30057 ||| INVOKING Heroism.
 30058 | Vaults:2 | 30058 ||| INVOKING Finesse.
 30253 | Vaults:2 | 30253 ||| DROPPING amulet of regeneration.
 30356 | Vaults:3 | Identified the +11 crystal plate armour "Rutumo" {rN+}
                  | (Okawaru gifted it to you on level 3 of the Vaults)
 30356 | Vaults:3 | Received a gift from Okawaru
 30404 | Vaults:3 | 30404 ||| FLEEEEING.
 30405 | Vaults:3 | 30405 ||| FLEEEEING.
 30406 | Vaults:3 | 30406 ||| FLEEEEING.
 30407 | Vaults:3 | 30407 ||| FLEEEEING.
 30408 | Vaults:3 | 30408 ||| FLEEEEING.
 30409 | Vaults:3 | 30409 ||| FLEEEEING.
 30410 | Vaults:3 | 30410 ||| FLEEEEING.
 30419 | Vaults:3 | 30419 ||| STAIRDANCE
 30495 | Vaults:3 | Reached skill level 12 in Armour
 30586 | Vaults:3 | 30586 ||| INVOKING Heroism.
 30587 | Vaults:3 | 30587 ||| INVOKING Finesse.
 30707 | Vaults:3 | 30707 ||| Stepping ~*~*~tactically~*~*~ (outnumbered).
 30746 | Vaults:3 | Reached skill level 21 in Fighting
 30767 | Vaults:3 | 30767 ||| FLEEEEING.
 30769 | Vaults:3 | 30769 ||| FLEEEEING.
 30770 | Vaults:3 | 30770 ||| FLEEEEING.
 30774 | Vaults:3 | 30774 ||| FLEEEEING.
 30775 | Vaults:3 | 30775 ||| FLEEEEING.
 30808 | Vaults:3 | 30808 ||| FLEEEEING.
 30809 | Vaults:3 | 30809 ||| FLEEEEING.
 30810 | Vaults:3 | 30810 ||| FLEEEEING.
 30811 | Vaults:3 | 30811 ||| FLEEEEING.
 30812 | Vaults:3 | 30812 ||| FLEEEEING.
 30813 | Vaults:3 | 30813 ||| FLEEEEING.
 30814 | Vaults:3 | 30814 ||| FLEEEEING.
 30815 | Vaults:3 | 30815 ||| FLEEEEING.
 30819 | Vaults:3 | 30819 ||| FLEEEEING.
 30820 | Vaults:3 | 30820 ||| FLEEEEING.
 30821 | Vaults:3 | 30821 ||| FLEEEEING.
 30822 | Vaults:3 | 30822 ||| FLEEEEING.
 30828 | Vaults:3 | 30828 ||| FLEEEEING.
 30829 | Vaults:3 | 30829 ||| FLEEEEING.
 30835 | Vaults:3 | 30835 ||| FLEEEEING.
 30836 | Vaults:3 | 30836 ||| FLEEEEING.
 30837 | Vaults:3 | 30837 ||| FLEEEEING.
 30838 | Vaults:3 | 30838 ||| FLEEEEING.
 30840 | Vaults:3 | 30840 ||| FLEEEEING.
 30841 | Vaults:3 | 30841 ||| FLEEEEING.
 30842 | Vaults:3 | 30842 ||| FLEEEEING.
 30843 | Vaults:3 | 30843 ||| FLEEEEING.
 30844 | Vaults:3 | 30844 ||| FLEEEEING.
 30845 | Vaults:3 | 30845 ||| FLEEEEING.
 30846 | Vaults:3 | 30846 ||| FLEEEEING.
 30847 | Vaults:3 | 30847 ||| FLEEEEING.
 30848 | Vaults:3 | 30848 ||| FLEEEEING.
 30849 | Vaults:3 | 30849 ||| FLEEEEING.
 30850 | Vaults:3 | 30850 ||| FLEEEEING.
 30851 | Vaults:3 | 30851 ||| FLEEEEING.
 30852 | Vaults:3 | 30852 ||| FLEEEEING.
 30853 | Vaults:3 | 30853 ||| FLEEEEING.
 30854 | Vaults:3 | 30854 ||| FLEEEEING.
 30855 | Vaults:3 | 30855 ||| FLEEEEING.
 30856 | Vaults:3 | 30856 ||| FLEEEEING.
 30857 | Vaults:3 | 30857 ||| FLEEEEING.
 30858 | Vaults:3 | 30858 ||| FLEEEEING.
 30859 | Vaults:3 | 30859 ||| FLEEEEING.
 30862 | Vaults:3 | 30862 ||| FLEEEEING.
 30863 | Vaults:3 | 30863 ||| STAIRDANCE
 31068 | Vaults:3 | 31068 ||| STAIRDANCE
 31210 | Vaults:3 | 31210 ||| STAIRDANCE
 31314 | Vaults:3 | 31314 ||| STAIRDANCE
 31669 | Vaults:3 | 31669 ||| INVOKING Heroism.
 31670 | Vaults:3 | 31670 ||| INVOKING Finesse.
 31879 | Vaults:3 | Identified the +1 pair of boots "Sazid" {rPois Str+5 Int-3}
                  | (Okawaru gifted it to you on level 3 of the Vaults)
 31879 | Vaults:3 | Received a gift from Okawaru
 31896 | Vaults:3 | 31896 ||| INVOKING Heroism.
 31897 | Vaults:3 | 31897 ||| DRINKING potion of resistance.
 31898 | Vaults:3 | 31898 ||| Stepping ~*~*~tactically~*~*~ (outnumbered).
 31903 | Vaults:3 | Reached skill level 22 in Fighting
 32583 | Vaults:4 | Noticed Frederick
 32584 | Vaults:4 | 32584 ||| INVOKING Heroism.
 32585 | Vaults:4 | 32585 ||| INVOKING Finesse.
 32587 | Vaults:4 | Killed Frederick
 32748 | Vaults:4 | 32748 ||| INVOKING Heroism.
 32767 | Vaults:4 | 32767 ||| INVOKING Finesse.
 33047 | Vaults:4 | Reached XP level 20. HP: 202/202 MP: 26/26
 33229 | Vaults:4 | Found Egeboish's Magic Scroll Shoppe.
 33239 | Vaults:4 | 33239 ||| BUYING scroll of brand weapon (218 gold).
 33239 | Vaults:4 | Bought a scroll of brand weapon for 218 gold pieces
 33239 | Vaults:4 | 33239 ||| READING scroll of brand weapon.
 33239 | Vaults:4 | 33239 ||| BRANDING +5 triple crossbow of draining.
 33354 | Vaults:4 | 33354 ||| INVOKING Heroism.
 33362 | Vaults:4 | 33362 ||| Stepping ~*~*~tactically~*~*~ (outnumbered).
 33521 | Vaults:4 | Reached skill level 23 in Fighting
 33631 | Vaults:4 | 33631 ||| PLANNING SHOALS:4
 33974 | Shoals:4 | Entered Level 4 of the Shoals
 33999 | Shoals:4 | 33999 ||| Stepping ~*~*~tactically~*~*~ (water).
 34067 | Shoals:4 | Received a gift from Okawaru
 34068 | Shoals:4 | 34068 ||| INVOKING Heroism.
 34149 | Shoals:4 | Identified the +8 whip "Reedwoar" {vamp, rPois Str+3}
 34154 | Shoals:4 | Noticed Mlioglotl
 34160 | Shoals:4 | Killed Mlioglotl
 34161 | Shoals:4 | 34161 ||| Stepping ~*~*~tactically~*~*~ (outnumbered).
 34163 | Shoals:4 | Identified the amulet "Rieripp" {RegenMP Regen+}
 34164 | Shoals:4 | 34164 ||| Stepping ~*~*~tactically~*~*~ (outnumbered).
 34171 | Shoals:4 | 34171 ||| Stepping ~*~*~tactically~*~*~ (water).
 34172 | Shoals:4 | 34172 ||| INVOKING Heroism.
 34174 | Shoals:4 | Reached skill level 15 in Armour
 34182 | Shoals:4 | 34182 ||| INVOKING Heroism.
 34186 | Shoals:4 | HP: 44/204 [merfolk impaler/+4 demon trident of venom (13)]
 34187 | Shoals:4 | 34187 ||| READING 14 scrolls of teleportation.
 34187 | Shoals:4 | HP: 16/204 [merfolk impaler/+4 demon trident of venom (12)]
 34188 | Shoals:4 | 34188 ||| DRINKING 6 potions of heal wounds.
 34189 | Shoals:4 | 34189 ||| DRINKING 5 potions of heal wounds.
 34192 | Shoals:4 | Mangled by a merfolk

Levels and vault maps discovered:
D:1:      dpeg_arrival_rooms_a, layout_loops_ring,
          shapermc_ecumenical_altar_mp_vishouse
D:2:      layout_loops_corners, basic_altar, hangedman_decor_points,
          patterned_corridor
D:3:      layout_loops_ring, mainiacjoe_overflow_cross_hatched,
          gup_sewer_entry_spiral
D:4:      layout_cave_pools, minmay_misc_feat_tiny, kennysheep_nub
D:5:      layout_loops_corners, elyvilon_altar_5, kennysheep_cross_bottleneck,
          hellmonk_no_cap
D:6:      layout_basic, mainiacjoe_overflow_concentric_impassable,
          minmay_temple_entry_glassed_door, serial_shops, shop,
          minmay_tree_intersection
D:7:      layout_basic, fedhas_altar_4, serial_shops, shop, shop, shop,
          chequers_jeans
D:8:      layout_loops_ring, nicolae_overflow_hidden_temple, uniq_amaemon
D:9:      layout_loops_corners, hangedman_weighted_door
D:10:     layout_basic, dpeg_oklobed_lair, orc_0_dummy,
          amcnicky_mini_pool_small, minmay_diced_spiral, uniq_fannar
D:11:     nicolae_cairo_tiling_large, layout_basic, serial_shops, shop,
          nicolae_shop_tiny_waterfront, shop, nicolae_shop_bloodbath_and_beyond,
          uniq_josephine
D:12:     layout_basic, uniq_psyche, uniq_lodul
D:13:     layout_gridville, gauntlet_entry_generic,
          nicolae_ru_the_path_less_chosen
D:14:     layout_cave_pools, david_vaults_2
D:15:     hangedman_depths_entry_try_elsewhere_first, layout_loops_ring,
          portal_ice_cave_entry_pillars_1, serial_shops,
          nicolae_shop_competitors_out_of_business, xom_redecorated,
          bloody_makhleb, uniq_roxanne
Temple:   hellmonk_temple_two_chambers
Lair:1:   layout_regular_city
Lair:2:   cheibrodos_lair_river_kwai, layout_big_grid,
          nicolae_shoals_entry_roost, enter_volcano_1,
          chequers_serial_rivers_marsh, chequers_serial_rivers_small_3,
          fungi_pond_lemuel, serial_bayou_shore_b, infiniplex_staircase_pool_2
Lair:3:   cheibrodos_magma_flow, layout_long_grid, guppyfry_snake_entry_garden,
          grunt_forest_stairs_basic, beast_lair_carwin_5, uniq_kirke
Lair:4:   layout_gridlike
Lair:5:   minmay_lair_end_frog_pond, layout_gridlike, slime_entry_1,
          kennysheep_rathole, infiniplex_staircase_pool
Shoals:1: layout_shoals, serial_shops, shop, st_sunken_temple, uniq_jorgrun
Shoals:2: layout_shoals
Shoals:3: layout_shoals, serial_shops, shop
Shoals:4: shoals_end_grunt_garden, layout_shoals, uniq_mlioglotl
Snake:1:  layout_layer_cave, st_stairs_10
Snake:2:  layout_onion, uniq_vashnia
Snake:3:  layout_basic, basic_altar, nicolae_triple_integral, uniq_bai_suzhen
Snake:4:  johnstein_snake_rune_scales, layout_layer_cave,
          nicolae_snake_salamander_fort
Orc:1:    minmay_goldmine, layout_caves, nicolae_shop_gadgets
Orc:2:    st_orc_rangers, layout_diamond_mine, david_defended_altar_orc
Vaults:1: ontoclasm_vaults_claustrophobia, nicolae_vaults_house_1, v_misc_11,
          hangedman_vaults_corner, vaults_room_large_hall,
          hangedman_vaults_stagger, hangedman_vaults_locks, dpeg_vaults_waves,
          grunt_vaults_trifunnel, nicolae_vaults_more_shelving_2,
          nicolae_vaults_rhombus_6, nicolae_vaults_cochlea,
          layout_vaults_omnibox, serial_shops, bzr_in_the_mist
Vaults:2: portal_desolation_entry_holy_temple, v_alt_pattern_1,
          nicolae_vaults_more_shelving_1, minmay_crypt_entry_necro_gods,
          vaults_room_hangedman_quadrants, vaults_room_hallway,
          layout_vaults_omnigrid
Vaults:3: vaults_room_fancy_cross, nicolae_vaults_network_s,
          nicolae_vaults_network_quincunx
          [nicolae_vaults_network_quincunx_subvault,
          nicolae_vaults_network_quincunx_subvault,
          nicolae_vaults_network_quincunx_subvault,
          nicolae_vaults_network_quincunx_subvault,
          nicolae_vaults_network_quincunx_subvault],
          ontoclasm_vaults_loading_screen,
          nicolae_vaults_windows_and_doors_thing, vaults_room_large_hall,
          hangedman_vaults_hard_town_square, v_misc_1,
          nicolae_vaults_border_crossing, nicolae_vaults_heart-shaped_vault,
          layout_vaults_omnicross
Vaults:4: nicolae_vaults_shelves_hall, nicolae_vaults_sightless_eye,
          st_hourglassy, nicolae_vaults_trapezoid_3, vaults_room_hallway,
          vaults_dpeg_hooks, v_misc_2, nicolae_vaults_hexular_roomagon,
          layout_vaults_big_room, serial_shops, shop, uniq_frederick

Skill      XL: |  1  2  3  4  5  6  7  8  9 10 11 12 13 14 15 16 17 18 19 20 |
---------------+-------------------------------------------------------------+-----
Ranged Weapons | 3 4 5 6 8 10 12 13 14 16 20 22 | 22.0
Fighting       | 2 4 5 6 7 9 13 14 16 17 19 20 22 23 | 23.2
Armour         | 1 2 3 4 5 6 7 9 10 14 15 | 15.0
Dodging        | 3 4 6 7 9 10 13 14 16 18 21 | 21.0
Invocations    | 2 4 6 9 10 | 10.0
Spellcasting   | |  1.0
Hexes          | |  2.0

Action                     |  1- 3 |  4- 6 |  7- 9 | 10-12 | 13-15 | 16-18 | 19-21 || total
---------------------------+-------+-------+-------+-------+-------+-------+-------++-------
   Fire: Sling             |   123 |   132 |       |       |       |       |       ||   255
         Greatsling        |       |     9 |   199 |   343 |   428 |       |       ||   979
         Triple crossbow   |       |       |       |       |   552 |   984 |   476 ||  2012
 Invoke: Heroism           |       |       |     4 |    16 |    30 |    27 |    11 ||    88
         Finesse           |       |       |       |       |     7 |     8 |     6 ||    21
    Use: Scroll            |     3 |     9 |     3 |     7 |     6 |     5 |     2 ||    35
         Potion            |       |     3 |     1 |     1 |     1 |     1 |     4 ||    11
 Armour: Robe              |     9 |       |     3 |       |       |       |       ||    12
         Leather armour    |     6 |    21 |       |    23 |   103 |    99 |     8 ||   260
         Ring mail         |       |     9 |    11 |    29 |       |       |    69 ||   118
         Skin              |       |       |       |       |     4 |       |       ||     4
  Dodge: Dodged            |    37 |    33 |    27 |    91 |   782 |   674 |   532 ||  2176

Table legend:
 A = Non-vault XP
 B = Vault XP
 C = Vault XP percentage of total XP
 D = Non-vault monster count
 E = Vault monster count
 F = Vault count percentage of total count
                 A         B        C        D         E       F
            +---------+---------+-------+---------+---------+-------
      Total |  278456 |  211731 |  43.2 |     811 |     427 |  34.5
            +---------+---------+-------+---------+---------+-------
        D:1 |      38 |       0 |   0.0 |      21 |       0 |   0.0
        D:2 |      70 |       0 |   0.0 |      24 |       0 |   0.0
        D:3 |      30 |      22 |  42.3 |      12 |       8 |  40.0
        D:4 |     391 |       0 |   0.0 |      10 |       0 |   0.0
        D:5 |     470 |      79 |  14.4 |      11 |       3 |  21.4
        D:6 |     909 |       0 |   0.0 |      25 |       0 |   0.0
        D:7 |     714 |       0 |   0.0 |      12 |       0 |   0.0
        D:8 |    2001 |       0 |   0.0 |      28 |       0 |   0.0
        D:9 |    3357 |     775 |  18.8 |      33 |       5 |  13.2
       D:10 |    3113 |    2827 |  47.6 |      21 |       8 |  27.6
       D:11 |    3338 |    1755 |  34.5 |      23 |       5 |  17.9
       D:12 |    5212 |    1807 |  25.7 |      14 |       8 |  36.4
       D:13 |    7071 |       0 |   0.0 |      25 |       0 |   0.0
       D:14 |    8738 |    1077 |  11.0 |      25 |       3 |  10.7
       D:15 |   16837 |    3178 |  15.9 |      34 |       5 |  12.8
     Lair:1 |    4246 |       0 |   0.0 |      20 |       0 |   0.0
     Lair:2 |    5342 |    4158 |  43.8 |      14 |       9 |  39.1
     Lair:3 |    7458 |    4457 |  37.4 |      25 |      17 |  40.5
     Lair:4 |    7861 |       0 |   0.0 |      30 |       0 |   0.0
     Lair:5 |    6656 |   12140 |  64.6 |      21 |      46 |  68.7
   Shoals:1 |    9115 |    6814 |  42.8 |      16 |       8 |  33.3
   Shoals:2 |   12017 |       0 |   0.0 |      23 |       0 |   0.0
   Shoals:3 |    9428 |       0 |   0.0 |      15 |       0 |   0.0
   Shoals:4 |   11858 |    8530 |  41.8 |      26 |      16 |  38.1
    Snake:1 |   17306 |     923 |   5.1 |      33 |       3 |   8.3
    Snake:2 |   18478 |    6066 |  24.7 |      30 |       5 |  14.3
    Snake:3 |   16811 |    2951 |  14.9 |      35 |       1 |   2.8
    Snake:4 |   15095 |   31323 |  67.5 |      36 |      48 |  57.1
      Orc:1 |    2675 |     496 |  15.6 |      24 |      11 |  31.4
      Orc:2 |    2640 |    5793 |  68.7 |      25 |      39 |  60.9
   Vaults:1 |   16677 |   27884 |  62.6 |      24 |      40 |  62.5
   Vaults:2 |   20641 |   11099 |  35.0 |      36 |      11 |  23.4
   Vaults:3 |   30309 |   29282 |  49.1 |      43 |      37 |  46.2
   Vaults:4 |   11554 |   13675 |  54.2 |      17 |      14 |  45.2
      Sewer |       0 |     158 | 100.0 |       0 |      10 | 100.0
 Desolation |       0 |   34462 | 100.0 |       0 |      67 | 100.0
            +---------+---------+-------+---------+---------+-------
